 Dungeon Crawl Stone Soup version 0.18.1-50-g88ac8fd (webtiles) character file.

80 Ilten the Ruffian (level 4, 0/29 HPs)
             Began as a Gargoyle Monk on Apr 9, 2017.
             Slain by Rufus's ghost (4 damage)
             ... on level 3 of the Dungeon.
             The game lasted 00:11:24 (1630 turns).

Ilten the Ruffian (Gargoyle Monk)                   Turns: 1630, Time: 00:11:24

Health: 0/29       AC:  6    Str: 14    XL:     4   Next: 39%
Magic:  4/4        EV: 13    Int: 11    God:
Gold:   116        SH:  0    Dex: 13    Spells: 0 memorised, 3 levels left

rFire  . . .     SeeInvis .       - Unarmed
rCold  . . .     Gourm    .     q - +0 robe
rNeg   + . .     Faith    .     (no shield)
rPois  ∞         Spirit   .     (no helmet)
rElec  +         Dismiss  .     h - +0 cloak
rCorr  .         Reflect  .     (no gloves)
SustAt .         Harm     .     (no boots)
MR     .....                    (no amulet)
Stlth  ++........               (no ring)
                                (no ring)

@: not resistant to hostile enchantments, unstealthy
A: negative energy resistance 1, electricity resistance, unbreathing,
petrification resistance, rot immunity, AC +3
a: no special abilities


You were on level 3 of the Dungeon.
You were not hungry.

You visited 1 branch of the dungeon, and saw 3 of its levels.

You collected 116 gold pieces.

Inventory:

Armour
 a - a +0 robe
 h - a +0 cloak (worn)
 k - a +0 scale mail
 q - a +0 robe (worn)
Scrolls
 c - 2 scrolls of identify {unknown}
 e - 3 scrolls of random uselessness {unknown}
 g - a scroll of blinking {unknown}
 j - a scroll of remove curse
 t - a scroll of teleportation {unknown}
Potions
 d - 2 potions of heal wounds {unknown}
 m - a potion of agility {unknown}
 o - 2 potions of mutation {unknown}
 r - a potion of curing {unknown}
Comestibles
 b - a bread ration
 i - a beef jerky
 l - 2 meat rations
 s - a slice of pizza


   Skills:
 + Level 4.1 Fighting
 * Level 2.9 Dodging
 + Level 2.2 Stealth
 * Level 4.8 Unarmed Combat


You had 3 spell levels left.
You didn't know any spells.

Dungeon Overview and Level Annotations

Branches:
Dungeon (3/15)

Altars:

Annotations:
D:3 Rufus's ghost, amateur NaWz


Innate Abilities, Weirdness & Mutations

You are resistant to torment.
Your stone body is resilient (AC +3).
You are immune to poison.
You resist negative energy.
You are resistant to electric shocks.
You can survive without breathing.
You are immune to petrification.
You are immune to rotting.


Message History

The orc completely misses you. The orc closely misses you. x2
You barely miss the orc. The rat bites you but does no damage.
The orc hits you but does no damage. The rat barely misses you.
The orc hits you with a dagger. The rat barely misses you.
Read which item? (? for menu, Esc to quit)
As you read the scroll labeled POUDYCUNWE, it crumbles to dust.
It is a scroll of amnesia.
You feel forgetful for a moment. The orc closely misses you.
The rat closely misses you.
Read which item? (? for menu, Esc to quit)
As you read the scroll labeled XAKHLY ZAMAUDOCK, it crumbles to dust.
You assume a fearsome visage.
The rat looks frightened!
The orc looks frightened! x3; It was a scroll of fear.
Rufus's ghost (amateur Naga Wizard) comes into view.
Rufus's ghost turns its malevolent gaze towards you.
Rufus's ghost hits you!
* * * LOW HITPOINT WARNING * * *
You hit Rufus's ghost but do no damage. Rufus's ghost hits you.
You die...

######
..^...##########
.........#.....##
#............## #
#....@.....[..#....
#....W..†..<.......
###......†...........
###................>.
#..................
#.................g
......$.$...........
#.............##.....
...........#### .....


You could see Rufus's ghost.

Vanquished Creatures
  3 adders (D:2)
  A worm (D:2)
  A dart slug (D:2)
  2 bats (D:1)
  5 giant cockroaches
  5 goblins
  9 hobgoblins
  3 jackals (D:3)
  2 quokkas (D:2)
  A ball python (D:3)
  2 giant newts (D:2)
  5 kobolds
  5 rats
44 creatures vanquished.

Notes
Turn   | Place    | Note
--------------------------------------------------------------
     0 | D:1      | Ilten the Gargoyle Monk began the quest for the Orb.
     0 | D:1      | Reached XP level 1. HP: 14/14 MP: 1/1
   204 | D:1      | Reached XP level 2. HP: 19/19 MP: 2/2
   610 | D:1      | Reached XP level 3. HP: 20/23 MP: 3/3
   798 | D:1      | You fall through a shaft!
  1280 | D:2      | Reached XP level 4. HP: 24/29 MP: 4/4
  1621 | D:3      | Noticed Rufus's ghost (amateur NaWz)
  1630 | D:3      | Slain by Rufus's ghost

Skill      XL: |  1  2  3 |
---------------+----------+-----
Fighting       | 4 |  4.1
Dodging        | |  2.9
Stealth        | |  2.2
Unarmed Combat | |  4.8

Action                   |  1- 3 |  4- 6 || total
-------------------------+-------+-------++-------
Melee: Unarmed           |   130 |    39 ||   169
       Punch             |       |     3 ||     3
  Use: Scroll            |     2 |     2 ||     4
  Eat: Chunk             |     1 |     1 ||     2
Armor: Robe              |     7 |    21 ||    28
       Scale mail        |    57 |       ||    57
Dodge: Dodged            |    91 |    43 ||   134
